 Dungeon Crawl Stone Soup version 0.28-a0-2-g643f2454ad (webtiles) character file.

Game seed: 15076495905604355885

61 Spectrina the Sneak (level 4, 0/35 HPs)
             Began as a Djinni Delver on July 22, 2021.
             Was an Initiate of Elyvilon.
             Slain by a howler monkey (3 damage)
             ... on level 7 of the Dungeon.
             The game lasted 00:02:51 (238 turns).

Spectrina the Sneak (Djinni Delver)                  Turns: 238, Time: 00:02:52

Health: 0/35       AC:  3    Str: 11    XL:     4   Next: 27%
Gold:   9          EV: 12    Int: 12    God:    Elyvilon [......] SH:  0 Dex: 15

rFire   + + .      SeeInvis .   g - +0 quarterstaff
rCold   x . .      Faith    .   (shield currently unavailable)
rNeg    . . .      Spirit   .   a - +0 leather armour
rPois   ∞          Reflect  .   (no helmet)
rElec   .          Harm     .   (no cloak)
rCorr   .          Rampage  .   (no gloves)
Will    .....                   (boots unavailable)
Stlth   ++........              (no amulet)
HPRegen 0.11/turn               (no ring)
MPRegen 0.00/turn               (no ring)

@: flying, hasted, very quick
A: sickness immunity, fire resistance 2, cold vulnerability 1, float, innate
caster, hp casting, extra vitality 1
a: Renounce Religion


You were on level 7 of the Dungeon.
You worshipped Elyvilon.
Elyvilon was noncommittal.
You visited 1 branch of the dungeon, and saw 3 of its levels.

You collected 9 gold pieces.

Inventory:

Hand Weapons
 g - a +0 quarterstaff (weapon)
Missiles
 i - 4 sling bullets
Armour
 a - a +0 leather armour (worn)
Wands
 f - a wand of digging (3)
Scrolls
 b - a scroll of fog
 c - a scroll of magic mapping
 d - a scroll of fear


   Skills:
 - Level 3.0 Fighting
 - Level 2.1 Dodging
 - Level 4.1 Stealth
 - Level 2.0 Unarmed Combat
 * Level 2.3 Spellcasting
 + Level 1.1 Invocations


You had 6 spell levels left.
You knew the following spells:

 Your Spells              Type           Power      Damage    Failure   Level
a - Beastly Appendage     Tmut           14%        N/A       13%         1
Your spell library was empty.

Dungeon Overview and Level Annotations

Branches:
Dungeon (7/15)
 Temple: D:4-7

Altars:
Elyvilon


Innate Abilities, Weirdness & Mutations

You are immune to sickness and miasma.
You are immune to poison.
Your flesh is very heat resistant. (rF++)
You are vulnerable to cold. (rC-)
You float through the air rather than walking.
You learn spells naturally, not from books.
Your magical power is your life essence.
You have superior vitality. (+4 HP)


Message History

The howler monkey barely misses you.
The howler monkey hoots and howls with incredible vigour!
You hit the howler monkey.
The howler monkey is almost dead.
The howler monkey hits you but does no damage.
The howler monkey barely misses you.
You closely miss the howler monkey.
The howler monkey is almost dead.
The howler monkey barely misses you.
You closely miss the howler monkey.
The howler monkey is almost dead.
The howler monkey hits you. The howler monkey closely misses you.
The howler monkey hoots and howls with incredible vigour!
You feel yourself speed up.
The howler monkey hoots and howls with incredible vigour!
You hear a croak.
Unknown command.
Unknown command.
You barely miss the howler monkey.
The howler monkey is almost dead.
The howler monkey hoots and howls with incredible vigour! x2
You hit the howler monkey.
You kill the howler monkey!
Your Spellcasting skill increases to level 2!
Your Invocations skill increases to level 1!
You have reached level 4!
You feel agile.
You closely miss the howler monkey. The howler monkey hits you.
* * * LOW HITPOINT WARNING * * *
You closely miss the howler monkey. The howler monkey barely misses you.
You closely miss the howler monkey.
The orc wizard casts a spell.
The orc wizard flickers and vanishes!
Deactivating autopickup; reactivate with Ctrl-A.
The howler monkey hits you.
* * * LOW HITPOINT WARNING * * *
You hit the howler monkey.
The howler monkey is lightly wounded.
The howler monkey hits you.
You die...

>. ##.###
#.....
#...o####
#....#..#
###.......#
#........o#
##.......o#####
#.......o.h@..#
#..(.....o###.#
#....###### #
#... #.. ##


You could see a howler monkey and 3 orcs.

Vanquished Creatures
  A howler monkey (D:7)
  A hound zombie (D:5)
  An adder (D:6)
3 creatures vanquished.

Notes
Turn   | Place    | Note
-------+----------+-------------------------------------------
     0 | D:5      | Spectrina the Djinni Delver began the quest for the Orb.
     0 | D:5      | Reached XP level 1. HP: 20/20 MP: 0/0
    65 | D:5      | Reached skill level 1 in Spellcasting
    65 | D:5      | Reached XP level 2. HP: 19/25 MP: 0/0
   133 | D:5      | Noticed an ogre
   170 | D:6      | Reached XP level 3. HP: 25/30 MP: 0/0
   170 | D:6      | Learned a level 1 spell: Beastly Appendage
   176 | D:6      | Noticed a centaur
   182 | D:6      | Found a white marble altar of Elyvilon.
   186 | D:6      | Became a worshipper of Elyvilon the Healer
   196 | D:6      | Noticed a steam dragon
   208 | D:6      | Noticed an ogre
   235 | D:7      | Reached skill level 1 in Invocations
   235 | D:7      | Reached XP level 4. HP: 13/35 MP: 0/0
   238 | D:7      | Slain by a howler monkey

Illustrated notes

Levels and vault maps discovered:
D:5:      kennysheep_kobold_camp, layout_cave_pods
D:6:      old_forge, layout_basic, kennysheep_mini, mainiacjoe_overflow_swirl,
          mainiacjoe_overflow_alcove_1, minmay_temple_entry_statues_pillars,
          minmay_checkerbox
D:7:      layout_basic, amcnicky_altar_gilded, hangedman_decor_push,
          chequers_mini_garden, kennysheep_path_1, uniq_prince_ribbit1

Skill      XL: |  1  2  3 |
---------------+----------+-----
Spellcasting   | 1 2 |  2.3
Invocations    | 1 |  1.1
Fighting       | |  3.0
Dodging        | |  2.1
Stealth        | |  4.1
Unarmed Combat | |  2.0

Action                   |  1- 3 |  4- 6 || total
-------------------------+-------+-------++-------
Melee: Quarterstaff      |    23 |     4 ||    27
  Use: Scroll            |     1 |       ||     1
       Potion            |     1 |       ||     1
Armor: Leather armour    |     7 |       ||     7
Dodge: Dodged            |    24 |     1 ||    25

Table legend: (Time is in decaauts)
 A = Elapsed time spent in this place.
 B = Non-inter-level travel time spent in this place.
 C = Inter-level travel time spent in this place.
 D = Time resting spent in this place.
 E = Time spent auto-exploring this place.
 F = Levels seen in this place.
 G = Mean time per level.
                   A        B        C        D        E       F      G
               +--------+--------+--------+--------+--------+-----+--------+
         Total |    242 |    227 |     15 |      0 |      0 |   3 |   80.7 |
       Dungeon |    242 |    227 |     15 |      0 |      0 |   3 |   80.7 |
               +--------+--------+--------+--------+--------+-----+--------+

Top non-repeatable levels by time:
     D:5: 166 daAuts
     D:6: 47 daAuts
     D:7: 28 daAuts
